Map: Dusk Towers

Players

Miszu - Winner!

  • Race: Protoss Protoss
  • League: Master

Muffinmanlol

  • Race: Zerg Zerg
  • League: Master

VOD

Have the link to the VOD?

Description

Time

  • Played on: April 3, 2016, 4:29 p.m.
  • Length: 11:11
Show
View Real Time Build Order
Export as new Build Order

Miszu Protoss - Winner!

Build Orders: 1 Gate Expand 

Get SALT Encoding   

  12  0:01  Probe (Chrono Boost)  
  13  0:12  Probe (Chrono Boost)  
  14  0:23  Pylon, Probe (Chrono Boost)  
  15  0:41  Probe (Chrono Boost)  
  16  0:51  Gateway  
  16  0:54  Probe (Chrono Boost)  
  17  1:05  Probe (Chrono Boost)  
  18  1:12  Nexus  
  18  1:16  Probe (Chrono Boost)  
  19  1:21  Assimilator  
  19  1:27  Probe (Chrono Boost)  
  19  1:29  Pylon  
  20  1:37  Probe (Chrono Boost)  
  21  1:43  Cybernetics Core  
  21  1:48  Probe (Chrono Boost)  
  21  1:50  Assimilator  
  22  1:58  Probe (Chrono Boost)  
  23  2:09  Probe (Chrono Boost)  
  24  2:19  Probe (Chrono Boost)  
  24  2:21  Adept  
  25  2:23  Warp Gate (Chrono Boost)  
  25  2:27  Gateway  
  25  2:29  Gateway  
  27  2:32  Probe (Chrono Boost)  
  27  2:34  Probe  
  29  2:45  Mothership Core  
  29  2:46  Probe  
  29  2:49  Adept  
  34  2:58  Probe  
  35  3:06  Probe  
  35  3:11  Probe  
  35  3:12  Adept  
  37  3:18  Probe  
  40  3:23  Probe  
  41  3:30  Probe  
  42  3:35  Pylon, Probe  
  43  3:43  Probe  
  46  3:53  Stargate, Probe  
  46  3:55  Probe  
  48  3:56  Stargate  
  48  3:57  Assimilator x2  
  46  4:05  Probe  
  46  4:09  Pylon  
  47  4:11  Stalker  
  47  4:13  Adept  
  47  4:14  Adept  
  54  4:17  Probe  
  54  4:27  Pylon, Probe  
  54  4:29  Probe  
  56  4:32  Adept  
  56  4:34  Adept x2  
  62  4:45  Phoenix x2 (Chrono Boost)  
  66  4:48  Pylon  
  66  5:00  Nexus  
  66  5:03  Pylon  
  66  5:05  Adept  
  66  5:06  Adept  
  63  5:27  Phoenix x2 (Chrono Boost)  
  67  5:30  Probe  
  67  5:31  Probe  
  69  5:43  Probe x2  
  69  5:48  Phoenix (Chrono Boost)  
  69  5:49  Phoenix (Chrono Boost)  
  75  5:55  Probe x2  
  77  5:58  Robotics Facility x2  
  77  6:07  Probe x2  
  77  6:10  Phoenix (Chrono Boost)  
  81  6:17  Probe  
  81  6:19  Probe x2  
  81  6:22  Forge  
  84  6:26  Twilight Council  
  84  6:28  Probe  
  84  6:31  Probe x2  
  87  6:42  Probe  
  87  6:43  Probe x2  
  87  6:45  Phoenix x2 (Chrono Boost)  
  94  6:49  Immortal  
  98  6:56  Probe  
  98  6:57  Probe  
  98  6:58  Probe  
  98  7:00  Protoss Ground Weapons Level 1  
  98  7:01  Pylon  
  101  7:06  Charge  
  101  7:17  Assimilator  
  101  7:18  Assimilator  
  101  7:19  Immortal  
  101  7:20  Pylon  
  101  7:22  Pylon  
  105  7:25  Pylon  
  106  7:30  Observer  
  106  7:46  Gateway  
  106  7:50  Gateway  
  110  7:51  Immortal  
  110  7:52  Gateway  
  110  7:54  Gateway  
  110  7:56  Gateway x2, Sentry  
  110  7:57  Sentry x2  
  116  7:58  Gateway  
  116  8:12  Immortal  
  120  8:30  Immortal  
  120  8:33  Adept  
  120  8:34  Adept, Stalker  
  130  8:54  Blink, Protoss Ground Weapons Level 2  
  130  8:57  Stalker  
  130  9:01  Pylon  
  132  9:03  Pylon  
  132  9:05  Pylon  
  132  9:06  Pylon  
  132  9:16  Pylon  
  132  9:19  Immortal  
  132  9:20  Templar Archives, Immortal  
  140  9:24  Stalker x2  
  140  9:25  Stalker  
  146  9:43  Nexus  
  146  9:45  Pylon  
  146  9:46  Probe  
  146  9:48  Probe x2  
  149  9:56  Stalker x3  
  149  9:57  Probe  
  156  10:00  Probe x2  
  156  10:02  High Templar x3  
  156  10:03  High Templar x3  
  156  10:06  Archon x2  
  156  10:07  Archon, Probe  
  170  10:09  Adept  
  170  10:12  Probe x2  
  175  10:18  Pylon, Probe  
  175  10:21  Pylon, Warp Prism  
  176  10:22  Observer  
  174  10:38  Stalker x2  
  174  10:39  Stalker x4  
Show
View Real Time Build Order
Export as new Build Order

Muffinmanlol Zerg 

Build Orders: 3 Hatch before Pool 

Get SALT Encoding   

  12  0:00  Drone  
  13  0:12  Overlord  
  13  0:17  Drone  
  14  0:30  Drone x2  
  14  0:34  Drone  
  17  0:51  Hatchery  
  17  0:54  Drone  
  18  0:57  Drone  
  18  1:20  Hatchery  
  18  1:23  Drone  
  18  1:24  Extractor  
  17  1:35  Spawning Pool  
  17  1:38  Drone  
  17  1:41  Drone  
  17  1:46  Drone  
  19  1:52  Drone  
  20  2:01  Drone  
  20  2:06  Drone  
  22  2:10  Overlord  
  22  2:21  Queen  
  22  2:22  Queen  
  26  2:31  Queen  
  26  2:33  Zergling x2  
  29  2:40  Metabolic Boost  
  29  2:43  Drone  
  30  2:45  Drone  
  30  2:46  Drone  
  30  2:50  Drone  
  34  2:51  Drone  
  34  2:56  Zergling x4  
  36  3:03  Zergling x4  
  38  3:06  Overlord  
  38  3:17  Drone x4  
  42  3:33  Queen  
  44  3:34  Overlord x2  
  44  3:35  Drone x3  
  44  3:36  Drone  
  49  3:41  Drone x2  
  50  3:50  Roach Warren  
  50  3:51  Drone  
  50  3:54  Drone  
  51  3:59  Overlord  
  51  4:02  Extractor, Drone x3  
  53  4:06  Zergling x8  
  53  4:07  Zergling x2  
  58  4:14  Drone  
  58  4:15  Drone x3  
  62  4:25  Drone  
  62  4:27  Drone x6  
  62  4:28  Drone  
  70  4:36  Overlord  
  70  4:37  Overlord x2  
  70  4:39  Lair  
  70  4:42  Extractor  
  69  4:52  Extractor  
  68  4:59  Drone x3  
  71  5:00  Drone x3  
  71  5:03  Drone x2  
  71  5:04  Extractor, Drone x2  
  71  5:05  Extractor  
  76  5:10  Drone  
  76  5:11  Drone x4  
  80  5:18  Roach  
  80  5:19  Roach x4  
  85  5:24  Overlord  
  85  5:38  Spore Crawler  
  85  5:39  Spore Crawler  
  85  5:40  Spore Crawler  
  82  5:46  Overlord  
  82  5:47  Overlord x2  
  82  5:51  Spore Crawler  
  82  5:52  Spore Crawler  
  82  5:54  Drone x3, Spore Crawler  
  82  5:57  Glial Reconstitution, Burrow  
  82  6:00  Overlord  
  82  6:01  Overlord x2  
  82  6:21  Drone x2  
  84  6:34  Drone x2  
  84  6:35  Drone x3  
  87  6:43  Drone x2  
  87  6:44  Roach x5  
  87  6:45  Roach x3  
  103  6:49  Roach  
  103  6:50  Queen  
  103  6:52  Queen  
  107  6:55  Roach  
  107  7:00  Roach  
  107  7:01  Roach  
  113  7:06  Overlord x2  
  113  7:10  Roach  
  113  7:11  Roach x4  
  113  7:14  Overseer  
  123  7:16  Tunneling Claws  
  123  7:20  Roach x3  
  129  7:23  Overlord  
  129  7:27  Roach x4  
  137  7:32  Roach x3  
  143  7:39  Roach  
  143  7:42  Overlord  
  145  7:45  Roach  
  145  7:48  Roach x3  
  153  7:56  Roach  
  153  7:58  Overlord, Overseer  
  151  8:02  Roach x4  
  151  8:03  Roach  
  157  8:07  Roach x3  
  161  8:15  Overlord  
  161  8:16  Overlord  
  161  8:18  Roach x7  
  169  8:24  Roach  
  169  8:25  Roach x17  
  169  8:26  Roach x4, Hatchery  
  165  8:31  Roach  
  146  8:52  Overseer  
  142  8:58  Drone  
  142  8:59  Spire, Drone x2  
  142  9:00  Infestation Pit  
  143  9:03  Roach  
  143  9:04  Roach x6  
  143  9:09  Roach x2, Hatchery  
  160  9:15  Roach x2  
  164  9:22  Roach  
  166  9:26  Roach x9  
  184  9:32  Roach  
  184  9:33  Evolution Chamber  
  184  9:34  Roach, Evolution Chamber  
  186  9:40  Hive  
  186  9:41  Pathogen Glands  
  186  9:45  Queen  
  188  9:48  Roach x28  
  188  9:49  Roach x25  
  188  10:00  Extractor  
  188  10:05  Extractor  
  186  10:15  Overlord x2  
  186  10:17  Roach x46  
  186  10:25  Drone  
  186  10:26  Drone  
  182  10:51  Roach x3  
  182  10:52  Roach x2  
Tags
 
Add a new tag
Caveats
  • Supply blocks, unpowered buildings, or Contaminate may cause inaccurate times.
  • Supply counts are checked every 10 seconds.